 Dungeon Crawl Stone Soup version 0.27.1-3-gb3d3a73c9e (webtiles) character file.

Game seed: 443673099819114147

842 CuBeRJAN3 the Skirmisher (level 8, -6/81 HPs)
             Began as an Ogre Fire Elementalist on Oct 22, 2021.
             Killed by nerve-wracking pain
             ... invoked by an orc priest
              (14 damage)
             ... on level 6 of the Dungeon.
             The game lasted 00:17:25 (5423 turns).

CuBeRJAN3 the Skirmisher (Ogre Fire Elementalist)   Turns: 5423, Time: 00:17:26

Health: -6/81      AC:  3    Str: 13    XL:     8   Next: 0%
Magic:  16/16      EV:  9    Int: 18    God:
Gold:   292        SH:  0    Dex:  9    Spells: 1/17 levels left

rFire    . . .     SeeInvis .   n - +0 hand axe
rCold    . . .     Faith    .   (no shield)
rNeg     . . .     Spirit   .   a - +0 robe
rPois    .         Reflect  .   (helmet restricted)
rElec    .         Harm     .   (no cloak)
rCorr    .         Rampage  .   (gloves unavailable)
Will     .....                  (boots unavailable)
Stlth    ++........             (no amulet)
HPRegen  0.23/turn              (no ring)
MPRegen  0.15/turn              (no ring)

@: no status effects
A: large, unfitting armour, tough skin 1
a: no special abilities


You were on level 6 of the Dungeon.
You visited 1 branch of the dungeon, and saw 6 of its levels.

You collected 292 gold pieces.

Inventory:

Hand Weapons
 n - a +0 hand axe (weapon)
Armour
 a - a +0 robe (worn)
Wands
 j - a wand of mindburst (11)
Scrolls
 b - a scroll of fog
 c - a scroll of amnesia
 h - 3 scrolls of teleportation
 m - a scroll of fear
Potions
 e - a potion of cancellation {unknown}
 f - a potion of mutation {unknown}
 g - a potion of brilliance {unknown}
 i - a potion of heal wounds {unknown}
 k - 4 potions of curing
 l - a potion of ambrosia {unknown}
 o - a potion of lignification {unknown}
 p - a potion of might {unknown}


   Skills:
 * Level 5.6 Fighting
 + Level 0.1 Axes
 - Level 1.7 Dodging
 + Level 2.7 Stealth
 * Level 5.4 Spellcasting
 + Level 2.7 Conjurations
 + Level 2.2 Hexes
 + Level 3.8 Fire Magic


You had one spell level left.
You knew the following spells:

 Your Spells              Type           Power      Damage    Failure   Level
a - Foxfire               Conj/Fire      64%        2x1d7     3%          1
b - Conjure Flame         Conj/Fire      16%        6-21      10%         3
c - Inner Flame           Hex/Fire       15%        N/A       11%         3
d - Sticky Flame          Conj/Fire      16%        2d4       32%         4
e - Fireball              Conj/Fire      8%         3d6       67%         5

Your spell library contained the following spells:

 Spells                   Type           Power      Damage    Failure   Level


Dungeon Overview and Level Annotations

Branches:
Dungeon (6/15)
 Temple: D:4-7

Altars:
Qazlal

Annotations:
D:2 1 exclusion, Sigmund
D:3 1 exclusion
D:5 exclusion: troll, Prince Ribbit


Innate Abilities, Weirdness & Mutations

You are too large for most types of armour.
You have tough skin. (AC +1)


Message History

The orc priest calls upon Beogh to heal the orc.
The orc's wounds heal themselves!
Casting: Foxfire (safe; 3% risk of failure)
Press: ? - help, Q - select action, (/) - cycle Dir - look around, f - activate You conjure some foxfire!
The foxfire hits the orc.
The orc is moderately wounded.
You hit the orc priest.
The orc priest is moderately wounded.
You hit the orc but do no damage.
The foxfire hits the orc but does no damage.
The orc is moderately wounded.
The orc priest barely misses you. The orc hits you with a +0 short sword.
You hit the orc priest.
The orc priest is moderately wounded.
You hit the orc. The orc priest closely misses you.
The orc hits you with a +0 short sword. The orc priest hits you with a +0 whip.
You hit the orc priest.
The orc priest is severely wounded.
You hit the orc. The orc hits you but does no damage.
The orc priest invokes the aid of Beogh against you.
Beogh smites you!
* * * LOW HITPOINT WARNING * * *
You closely miss the orc priest.
The orc priest is severely wounded.
You hit the orc.
You kill the orc!
The orc priest hits you with a +0 whip.
* * * LOW HITPOINT WARNING * * *
You barely miss the orc priest.
The orc priest is severely wounded.
The orc priest hits you with a +0 whip.
* * * LOW HITPOINT WARNING * * *
The orc priest hits you with a +0 whip.
* * * LOW HITPOINT WARNING * * *
You hit the orc priest.
The orc priest is almost dead.
The orc priest mumbles some strange prayers to Beogh against you.
Pain shoots through your body!
You die...

###.### #. #.....#
#. ######.#.#.######
#. #....)...........
#. #.####.#.#.#### #
#. #.# #.....######
#. #.# ###.#...)>).
#!##.######.#.######
#)o@....>.......# #
###)..####.##.#.####
#.....# #. #.#)....
#.......##. #.######
##.....###. #.#
##...## #.# #..##
#.## #.


You could see an orc priest.

Vanquished Creatures
  An ice beast (D:5)
  2 scorpions (D:5)
  A hound (D:5)
  2 jellies
  A gnoll shaman (D:6)
  3 orc priests
  2 centaur skeletons (D:6)
  An iguana (D:3)
  3 orc wizards (D:5)
  3 hound zombies (D:5)
  4 gnolls
  11 adders
  An ufetubus (D:5)
  4 dart slugs
  8 orcs
  6 ball pythons
  5 endoplasms
  2 giant cockroaches
  3 goblins
  3 hobgoblins (D:1)
  5 quokkas
  4 bats
  10 frilled lizards
  8 kobolds
  A rat (D:1)
94 creatures vanquished.

Vanquished Creatures (others)
  302 foxfires
  5 plants (D:1)
307 creatures vanquished.

Grand Total: 401 creatures vanquished

Notes
Turn   | Place    | Note
-------+----------+-------------------------------------------
     0 | D:1      | CuBeRJAN3 the Ogre Fire Elementalist began the quest for
                  | the Orb.
     0 | D:1      | Reached XP level 1. HP: 16/16 MP: 3/3
    80 | D:1      | Reached skill level 1 in Conjurations
   252 | D:1      | Reached skill level 1 in Fighting
   252 | D:1      | Reached XP level 2. HP: 27/27 MP: 2/5
   915 | D:1      | Reached XP level 3. HP: 35/35 MP: 3/7
  1227 | D:1      | Learned a level 3 spell: Conjure Flame
  1231 | D:1      | Learned a level 3 spell: Inner Flame
  1544 | D:2      | Noticed Sigmund
  1898 | D:2      | Reached XP level 4. HP: 44/44 MP: 5/9
  3143 | D:3      | Reached XP level 5. HP: 42/53 MP: 3/10
  3829 | D:4      | Reached skill level 1 in Hexes
  3884 | D:4      | Noticed a phantom
  4036 | D:5      | Entered Level 5 of the Dungeon
  4084 | D:5      | Reached XP level 6. HP: 57/62 MP: 7/12
  4124 | D:5      | Learned a level 4 spell: Sticky Flame
  4348 | D:5      | Reached XP level 7. HP: 56/71 MP: 9/14
  4464 | D:5      | Found a stormy altar of Qazlal.
  4540 | D:5      | Reached skill level 5 in Fighting
  4540 | D:5      | Reached skill level 5 in Spellcasting
  4701 | D:5      | Noticed a troll
  4701 | D:5      | Noticed Prince Ribbit
  4949 | D:5      | Noticed a kobold demonologist
  5115 | D:5      | Learned a level 5 spell: Fireball
  5415 | D:6      | Reached XP level 8. HP: 40/81 MP: 16/16
  5423 | D:6      | Killed from afar by an orc priest

Illustrated notes

Levels and vault maps discovered:
D:1:      sevenhm_arrival_forest_fort_small_3, layout_loops_cross,
          corner_web_ring, minmay_lizard_king
D:2:      layout_rooms, grunt_ministairs_11, uniq_sigmund
D:3:      layout_basic, ebering_dispersal_statue_hall
D:4:      layout_rooms, corexii_hall_statues_i, kennysheep_generic_room_15
D:5:      cheibrodos_fzero, layout_loops_ring, amcnicky_altar_gilded,
          uniq_prince_ribbit1
D:6:      layout_loops_ring, grunt_ministairs_6

Skill      XL: |  1  2  3  4  5  6  7 |
---------------+----------------------+-----
Conjurations   | 1 2 |  2.7
Fighting       | 1 2 3 4 5 |  5.6
Spellcasting   | 3 4 5 |  5.4
Fire Magic     | 3 |  3.8
Stealth        | 2 |  2.7
Hexes          | 1 2 |  2.2
Axes           | |  0.1
Dodging        | |  1.7

Action                   |  1- 3 |  4- 6 |  7- 9 || total
-------------------------+-------+-------+-------++-------
Melee: Unarmed           |     4 |       |       ||     4
       Dagger            |     5 |    40 |    44 ||    89
       Hand axe          |       |       |    12 ||    12
 Cast: Foxfire           |    55 |    80 |    54 ||   189
  Use: Scroll            |       |     1 |     4 ||     5
Armor: Robe              |     1 |    15 |    25 ||    41
Dodge: Dodged            |     5 |    11 |    19 ||    35
